 Dungeon Crawl Stone Soup version 0.16-a0-3338-g714714c (webtiles) character file.

72 Gorice the Skirmisher (level 4, 0/42 HPs)
             Began as a Hill Orc Wanderer on Dec 28, 2014.
             Engulfed by Natasha's noxious fumes (1 damage)
             ... on level 3 of the Dungeon.
             The game lasted 00:12:43 (1821 turns).

Gorice the Skirmisher (Hill Orc Wanderer)           Turns: 1821, Time: 00:12:43

Health: 0/42       AC:  5    Str: 12    XL:     4   Next: 26%
Magic:  4/4        EV: 10    Int: 15    God:
Gold:   161        SH:  0    Dex: 10    Spells: 0 memorised, 3 levels left

rFire  . . .     SeeInvis .     a - +2 dagger
rCold  . . .     Clarity  .     c - +0 ring mail
rNeg   . . .     SustAb   .     (no shield)
rPois  .         Gourm    .     (no helmet)
rElec  .         Spirit   .     (no cloak)
rCorr  .         Warding  .     (no gloves)
rMut   .         Stasis   .     (no boots)
MR     .....                    (no amulet)
Stlth  ..........               (no ring)
                                (no ring)

@: confused, not resistant to hostile enchantments, extremely unstealthy
A: no striking features
a: no special abilities


You were on level 3 of the Dungeon.
You were not hungry.

You visited 1 branch of the dungeon, and saw 3 of its levels.

You collected 161 gold pieces.

Inventory:

Hand weapons
 a - a +2 dagger (weapon)
 b - a +0 hunting sling
 d - a +0 mace
 e - a cursed -3 short sword
 h - a +0 spear
 n - a +0 hunting sling
 r - a +0 rapier
Missiles
 j - 12 bolts of flame
 o - 2 tomahawks (quivered)
 Z - 95 stones
Armour
 c - a +0 ring mail (worn)
 g - a +2 large shield
 p - a +0 scale mail
 w - a +0 chain mail
Scrolls
 t - a scroll of fear
 u - a scroll of remove curse
 x - a scroll of magic mapping {unknown}
Potions
 i - a potion of heal wounds {unknown}
 k - a potion of agility {unknown}
 l - a potion of brilliance {unknown}
 q - 2 potions of poison {unknown}
 s - a potion of flight {unknown}
 v - a potion of curing {unknown}
Comestibles
 f - 2 meat rations


   Skills:
 + Level 5.6 Fighting
 - Level 2.1 Maces & Flails
 * Level 3.1 Armour
 - Level 1.5 Dodging
 - Level 1.0 Stealth
   Level 1.0 Evocations


You had 3 spell levels left.
You didn't know any spells.

Dungeon Overview and Level Annotations

Branches:
Dungeon (3/15)

Altars:

Annotations:
D:2 pUX: Yiuf @lge!, Crazy Yiuf
D:3 Natasha


Message History

You hit Natasha.
Natasha is severely wounded.
Natasha claws you.
* * * LOW HITPOINT WARNING * * *
You hit Natasha.
Natasha is almost dead.
Natasha misses you.
You barely miss Natasha.
Natasha is almost dead.
Natasha misses you.
You hit Natasha but do no damage.
Natasha is almost dead.
Natasha casts a spell at you.
The ball explodes into a vile cloud!
The stinking cloud engulfs you!
The stinking cloud engulfs Natasha.
You closely miss Natasha.
Natasha is almost dead.
You are engulfed in noxious fumes.
You choke on the stench!
You are confused.
You die...

............#####..#
#.#
...####.###........#
#.# ........#
#.######.########.#
..#######
#.................#
..#
.######.##########
..# ###.### ..#
#.....# ..#
#.####§#.#.######
..#
#....h@§.........
..#
#.####.#.#######.
..# #.......$.# ..#
###.#####.. ..# #..
### ####


You could see Natasha.

Vanquished Creatures
  Terence (D:3)
  2 adders (D:2)
  A worm (D:2)
  2 giant geckos
  5 bats
  3 giant cockroaches
  5 goblins
  3 hobgoblins
  A quokka (D:2)
  3 giant newts
  6 kobolds
  8 rats
40 creatures vanquished.

Notes
Turn   | Place    | Note
--------------------------------------------------------------
     0 | D:1      | Gorice, the Hill Orc Wanderer, began the quest for the Orb.
     0 | D:1      | Gorice set off with: a +2 dagger, a scroll of fear, a +0 ring mail, a +0 mace, a meat ration
     0 | D:1      | Reached XP level 1. HP: 22/22 MP: 1/1
   153 | D:1      | Reached skill level 5 in Fighting
   370 | D:1      | Reached skill level 1 in Armour
   370 | D:1      | Reached XP level 2. HP: 29/29 MP: 2/2
   829 | D:2      | Reached XP level 3. HP: 29/36 MP: 3/3
  1389 | D:2      | Noticed Crazy Yiuf
  1550 | D:3      | Reached XP level 4. HP: 38/42 MP: 4/4
  1664 | D:3      | Noticed Terence
  1695 | D:3      | Killed Terence
  1802 | D:3      | Noticed Natasha
  1817 | D:3      | HP: 1/42 [Natasha (3)]
  1821 | D:3      | Engulfed by Natasha's noxious fumes

Action                   |  1- 3 |  4- 6 || total
-------------------------+-------+-------++-------
Melee: Dagger            |   144 |    58 ||   202
Throw: Tomahawk          |    12 |       ||    12
       Stone             |    15 |       ||    15
  Use: Scroll            |     2 |       ||     2
  Eat: Chunk             |     2 |     1 ||     3
